TOP OF THE 1ST |
Florida State University Seminoles batting - Pitching for University of Oklahoma Sooners : RHP Ethan Houghton
|
Pitching: RHP Ethan Houghton
|
|
Batting: RHB Paul Holland
|
0-0: Ball 1-0: Ball 2-0: SINGLE (Groundball, 56D, EV 97.5 MPH)
|
Batting: RHB Yutaka Yamane
|
0-0: Ball 1-0: Swinging Strike 1-1: Fielders Choice at 2nd, 3-6 (Groundball, 13, EV 83.1 MPH)
|
Batting: LHB Raul Maldonado
|
0-0: Called Strike 0-1: Fly out, F7 (Line Drive, 7D, EV 94.4 MPH)
|
Batting: RHB Manny Hensley
|
0-0: Ball Yutaka Yamane steals 2nd base 1-0: Foul Ball, location: 2F 1-1: Ball 2-1: Foul Ball, location: 2F 2-2: Strikes out looking
|
Top of the 1st over - 0 runs, 1 hit, 0 errors, 1 left on base; Florida State University 0 - University of Oklahoma 0 |
BOTTOM OF THE 1ST |
University of Oklahoma Sooners batting - Pitching for Florida State University Seminoles : RHP Adam Savage
|
Pitching: RHP Adam Savage
|
|
Batting: RHB Josh Lynch
|
0-0: Ball 1-0: Called Strike 1-1: Called Strike 1-2: Ball 2-2: Strikes out swinging, 2-3 out at first.
|
Batting: RHB Jesus Montana
|
0-0: Ball 1-0: Ball 2-0: Ball 3-0: Called Strike 3-1: Base on Balls
|
Batting: RHB Connell Boyle Jr.
|
0-0: Ball 1-0: Foul Ball, location: 2F 1-1: Ball Wild Pitch! Jesus Montana to second 2-1: Fly out, F7 (Flyball, 78S, EV 92.5 MPH)
|
Batting: RHB Carlos Gonzales
|
0-0: Ball 1-0: SINGLE (Groundball, 34S, EV 75.6 MPH) (infield hit) Jesus Montana to third
|
Batting: SHB Cesar Carrasquillo
|
0-0: Fly out, F8 (Flyball, 8RS, EV 90.6 MPH)
|
Bottom of the 1st over - 0 runs, 1 hit, 0 errors, 2 left on base; Florida State University 0 - University of Oklahoma 0 |
TOP OF THE 2ND |
Florida State University Seminoles batting - Pitching for University of Oklahoma Sooners : RHP Ethan Houghton
|
Batting: RHB Lupe Barrera
|
0-0: SINGLE (Popup, 4M, EV 75.6 MPH)
|
Batting: SHB Alex Noval
|
0-0: Grounds into double play, 6-4-3 (Groundball, 6, EV 91.9 MPH)
|
Batting: SHB Ed Mosqueda
|
0-0: Ball 1-0: Ball 2-0: Called Strike 2-1: Foul Ball, location: 2F 2-2: Fly out, F7 (Flyball, 7LS, EV 71.9 MPH)
|
Top of the 2nd over - 0 runs, 1 hit, 0 errors, 0 left on base; Florida State University 0 - University of Oklahoma 0 |
BOTTOM OF THE 2ND |
University of Oklahoma Sooners batting - Pitching for Florida State University Seminoles : RHP Adam Savage
|
Batting: RHB Terrell Smith
|
0-0: Ball 1-0: Ball 2-0: Ball 3-0: Base on Balls
|
Batting: RHB Yang-cheng Kui
|
0-0: Ball 1-0: Ball 2-0: Ball 3-0: Called Strike 3-1: Swinging Strike 3-2: Ground out 5-3 (Groundball, 56S, EV 70.6 MPH) Terrell Smith to second
|
Batting: RHB Patrick Pinault
|
0-0: Ball 1-0: Foul Ball, location: 2F 1-1: Ball 2-1: DOUBLE (Flyball, 8LD, EV 98.1 MPH) Terrell Smith scores
|
Batting: RHB Edwin Gutierrez
|
0-0: Ball Patrick Pinault steals 3rd base 1-0: Called Strike 1-1: Foul Ball, location: 2F 1-2: Ball 2-2: Ball 3-2: Ground out 5-3 (Groundball, 5, EV 110.0 MPH)
|
Batting: RHB Josh Lynch
|
0-0: Ground out 6-3 (Groundball, 56, EV 106.3 MPH)
|
Bottom of the 2nd over - 1 run, 1 hit, 0 errors, 1 left on base; Florida State University 0 - University of Oklahoma 1 |
TOP OF THE 3RD |
Florida State University Seminoles batting - Pitching for University of Oklahoma Sooners : RHP Ethan Houghton
|
Batting: RHB Jeremy Buck
|
0-0: Ball 1-0: Called Strike 1-1: Ball 2-1: Foul Ball, location: 2F 2-2: Foul Ball, location: 2F 2-2: SINGLE (Groundball, 6D, EV 94.4 MPH)
|
Batting: RHB Mick Vaught
|
0-0: Fielders Choice at 2nd, 6-4 (Groundball, 6S, EV 89.4 MPH)
|
Batting: RHB Paul Holland
|
0-0: Ball 1-0: SINGLE (Groundball, 6M, EV 96.3 MPH) Mick Vaught to second Runner from 2nd tries for 3rd, SAFE, throw by CF made to third
|
Batting: RHB Yutaka Yamane
|
0-0: Ball 1-0: Ball 2-0: Ball 3-0: Called Strike 3-1: SINGLE (Groundball, 6MD, EV 105.6 MPH) Mick Vaught scores Paul Holland to second Runner from 2nd tries for 3rd, SAFE, throw by CF made to third Yutaka Yamane to second
|
Batting: LHB Raul Maldonado
|
0-0: Ball 1-0: Called Strike 1-1: Ground out 4-3 (Groundball, 4D, EV 86.3 MPH) Paul Holland scores Yutaka Yamane to third
|
Batting: RHB Manny Hensley
|
0-0: Called Strike 0-1: Ball 1-1: Foul Ball, location: 2F 1-2: Foul Ball, location: 2F 1-2: Ball 2-2: Ball 3-2: Fly out, F7 (Flyball, 78D, EV 98.8 MPH)
|
Top of the 3rd over - 2 runs, 3 hits, 0 errors, 1 left on base; Florida State University 2 - University of Oklahoma 1 |
BOTTOM OF THE 3RD |
University of Oklahoma Sooners batting - Pitching for Florida State University Seminoles : RHP Adam Savage
|
Batting: RHB Jesus Montana
|
0-0: Ground out U3 (Groundball, 3L, EV 88.1 MPH)
|
Batting: RHB Connell Boyle Jr.
|
0-0: Ball 1-0: Ball 2-0: Ball 3-0: Base on Balls
|
Batting: RHB Carlos Gonzales
|
0-0: Called Strike 0-1: Called Strike 0-2: Ball 1-2: Ball 2-2: Fielders Choice at 2nd, 6-4 (Groundball, 6, EV 90.6 MPH)
|
Batting: SHB Cesar Carrasquillo
|
0-0: Fly out, F6 (Popup, 15, EV 80.6 MPH)
|
Bottom of the 3rd over - 0 runs, 0 hits, 0 errors, 1 left on base; Florida State University 2 - University of Oklahoma 1 |
TOP OF THE 4TH |
Florida State University Seminoles batting - Pitching for University of Oklahoma Sooners : RHP Ethan Houghton
|
Now at C: Quincy Riley
|
|
Batting: RHB Lupe Barrera
|
0-0: Called Strike 0-1: Swinging Strike 0-2: Strikes out swinging
|
Batting: SHB Alex Noval
|
0-0: SINGLE (Groundball, 5L, EV 82.5 MPH) (infield hit)
|
Batting: SHB Ed Mosqueda
|
0-0: Fly out, F8 (Line Drive, 8LD, EV 88.8 MPH)
|
Batting: RHB Jeremy Buck
|
0-0: Ball 1-0: Called Strike 1-1: SINGLE (Groundball, P, EV 80.0 MPH) (infield hit) Alex Noval to second
|
Batting: RHB Mick Vaught
|
0-0: Called Strike 0-1: Swinging Strike 0-2: Ball 1-2: Strikes out looking
|
Top of the 4th over - 0 runs, 2 hits, 0 errors, 2 left on base; Florida State University 2 - University of Oklahoma 1 |
BOTTOM OF THE 4TH |
University of Oklahoma Sooners batting - Pitching for Florida State University Seminoles : RHP Adam Savage
|
Batting: RHB Terrell Smith
|
0-0: Called Strike 0-1: Bunt - Flyout to P! F1
|
Batting: RHB Yang-cheng Kui
|
0-0: Foul Ball, location: 2F 0-1: Called Strike 0-2: Ball 1-2: Fly out, F4 (Flyball, 4D, EV 79.4 MPH)
|
Batting: RHB Patrick Pinault
|
0-0: Ball 1-0: Foul Ball, location: 2F 1-1: Ball 2-1: SINGLE (Groundball, 4M, EV 106.9 MPH) (infield hit)
|
Batting: RHB Edwin Gutierrez
|
0-0: Fielders Choice at 2nd, 6-4 (Groundball, 6, EV 86.9 MPH)
|
Bottom of the 4th over - 0 runs, 1 hit, 0 errors, 1 left on base; Florida State University 2 - University of Oklahoma 1 |
TOP OF THE 5TH |
Florida State University Seminoles batting - Pitching for University of Oklahoma Sooners : RHP Ethan Houghton
|
Batting: RHB Paul Holland
|
0-0: Ball 1-0: Ball 2-0: Ball 3-0: Base on Balls
|
Batting: RHB Yutaka Yamane
|
0-0: Called Strike 0-1: Foul Ball, location: 2F 0-2: Fielders Choice at 2nd, 5-4 (Groundball, 56, EV 105.6 MPH)
|
Batting: LHB Raul Maldonado
|
0-0: Ball 1-0: Fly out, F7 (Flyball, 7D, EV 98.1 MPH)
|
Batting: RHB Manny Hensley
|
0-0: Ground out 5-3 (Groundball, 56S, EV 81.9 MPH)
|
Top of the 5th over - 0 runs, 0 hits, 0 errors, 1 left on base; Florida State University 2 - University of Oklahoma 1 |
BOTTOM OF THE 5TH |
University of Oklahoma Sooners batting - Pitching for Florida State University Seminoles : RHP Adam Savage
|
Batting: RHB Josh Lynch
|
0-0: Ball 1-0: Called Strike 1-1: Ball 2-1: Swinging Strike 2-2: Ball 3-2: Strikes out swinging
|
Batting: RHB Jesus Montana
|
0-0: Ball 1-0: Foul Ball, location: 2F 1-1: Ball 2-1: Ball 3-1: Base on Balls
|
Batting: RHB Quincy Riley
|
0-0: Ball Jesus Montana steals 2nd base 1-0: Called Strike 1-1: Ball 2-1: Fly out, F8 (Flyball, 8LS, EV 80.0 MPH)
|
Pitching: RHP Masato Iwase
|
|
Pinch Hitting: RHB Margh Couch
|
0-0: Ball 1-0: Ground out 6-3 (Groundball, 6, EV 91.9 MPH)
|
Bottom of the 5th over - 0 runs, 0 hits, 0 errors, 1 left on base; Florida State University 2 - University of Oklahoma 1 |
TOP OF THE 6TH |
Florida State University Seminoles batting - Pitching for University of Oklahoma Sooners : RHP Ethan Houghton
|
Now in CF: Margh Couch
|
|
Batting: RHB Lupe Barrera
|
0-0: Ball 1-0: Called Strike 1-1: Ball 2-1: Foul Ball, location: 2F 2-2: Fly out, F6 (Popup, 6MS, EV 66.9 MPH)
|
Batting: SHB Alex Noval
|
0-0: Ball 1-0: Ball 2-0: SINGLE (Line Drive, 6D, EV 100.0 MPH)
|
Batting: SHB Ed Mosqueda
|
0-0: Called Strike 0-1: Ball 1-1: Ball Wild Pitch! Alex Noval to second 2-1: Intentional Walk
|
Pitching: LHP Jim Longley
|
|
Batting: RHB Jeremy Buck
|
0-0: Called Strike 0-1: Ball 1-1: Swinging Strike 1-2: Strikes out swinging
|
Batting: RHB Mick Vaught
|
0-0: Foul Ball, location: 2F 0-1: Ball 1-1: Ball 2-1: Foul Ball, location: 2F 2-2: Ball 3-2: Base on Balls Alex Noval to third Ed Mosqueda to second
|
Batting: RHB Paul Holland
|
0-0: Ball 1-0: Ball 2-0: Ground out 5-3 (Groundball, 15, EV 90.0 MPH)
|
Top of the 6th over - 0 runs, 1 hit, 0 errors, 3 left on base; Florida State University 2 - University of Oklahoma 1 |
BOTTOM OF THE 6TH |
University of Oklahoma Sooners batting - Pitching for Florida State University Seminoles : RHP Masato Iwase
|
Batting: SHB Cesar Carrasquillo
|
0-0: Ball 1-0: Ball 2-0: Ball 3-0: Called Strike 3-1: Foul Ball, location: 2F 3-2: Base on Balls
|
Batting: RHB Terrell Smith
|
0-0: Swinging Strike 0-1: Foul Ball, location: 2F 0-2: DOUBLE (Line Drive, 9LM, EV 106.3 MPH) Cesar Carrasquillo to third Runner from 3rd tries for Home, SAFE, no throw by RF
|
Batting: RHB Willie Cubero
|
0-0: Ball 1-0: Fly out, F9 (Line Drive, 9S, EV 104.4 MPH)
|
Batting: RHB Patrick Pinault
|
0-0: Called Strike 0-1: Ball 1-1: SINGLE (Flyball, 5D, EV 86.9 MPH) Terrell Smith to third
|
Pitching: RHP Justin Williams
|
|
Batting: RHB Edwin Gutierrez
|
0-0: Ball 1-0: Ball 2-0: Ball 3-0: Base on Balls Patrick Pinault to second
|
Batting: RHB Josh Lynch
|
0-0: Foul Ball, location: 2F 0-1: Called Strike 0-2: Fly out, F7 (Flyball, 78M, EV 98.1 MPH) Runner from 3rd tags up, OUT at HOME! 7-2
|
Bottom of the 6th over - 1 run, 2 hits, 0 errors, 2 left on base; Florida State University 2 - University of Oklahoma 2 |
TOP OF THE 7TH |
Florida State University Seminoles batting - Pitching for University of Oklahoma Sooners : LHP Jim Longley
|
Pinch Hitting: RHB Bobby Altamirano
|
0-0: Ball 1-0: Called Strike 1-1: Ball 2-1: SINGLE (Groundball, 4MD, EV 101.3 MPH)
|
Pinch Hitting: LHB Dong-u Chang
|
0-0: Called Strike 0-1: Ball 1-1: Ball 2-1: Grounds into double play, 4-6-3 (Groundball, 4, EV 90.0 MPH)
|
Batting: RHB Manny Hensley
|
0-0: Foul Ball, location: 2F 0-1: Foul Ball, location: 2F 0-2: Ball 1-2: Ball 2-2: Ground out 4-3 (Groundball, 4MD, EV 85.0 MPH)
|
Top of the 7th over - 0 runs, 1 hit, 0 errors, 0 left on base; Florida State University 2 - University of Oklahoma 2 |
BOTTOM OF THE 7TH |
University of Oklahoma Sooners batting - Pitching for Florida State University Seminoles : RHP Justin Williams
|
Now in LF: Bobby Altamirano
|
|
Now in CF: Alex Noval
|
|
Now in RF: Bill Girton
|
|
Batting: RHB Jesus Montana
|
0-0: Ball 1-0: Ball 2-0: Ground out 5-3 (Groundball, 56, EV 104.4 MPH)
|
Batting: RHB Quincy Riley
|
0-0: Called Strike 0-1: Swinging Strike 0-2: Foul Ball, location: 2F 0-2: Strikes out looking
|
Batting: RHB Margh Couch
|
0-0: Ball 1-0: Called Strike 1-1: Ground out 5-3 (Groundball, 56S, EV 83.8 MPH)
|
Bottom of the 7th over - 0 runs, 0 hits, 0 errors, 0 left on base; Florida State University 2 - University of Oklahoma 2 |
TOP OF THE 8TH |
Florida State University Seminoles batting - Pitching for University of Oklahoma Sooners : LHP Jim Longley
|
Pitching: RHP Ross Ratcliffe
|
|
Batting: RHB Lupe Barrera
|
0-0: Ball 1-0: Called Strike 1-1: Ball 2-1: Ball 3-1: Called Strike 3-2: Foul Ball, location: 2F 3-2: Strikes out swinging
|
Batting: SHB Alex Noval
|
0-0: Foul Ball, location: 2F 0-1: Ball 1-1: Fly out, F4 (Popup, 34, EV 63.8 MPH)
|
Batting: SHB Ed Mosqueda
|
0-0: Foul Ball, location: 2F 0-1: Fly out, F7 (Line Drive, 7, EV 89.4 MPH)
|
Top of the 8th over - 0 runs, 0 hits, 0 errors, 0 left on base; Florida State University 2 - University of Oklahoma 2 |
BOTTOM OF THE 8TH |
University of Oklahoma Sooners batting - Pitching for Florida State University Seminoles : RHP Justin Williams
|
Batting: SHB Cesar Carrasquillo
|
0-0: Called Strike 0-1: Fly out, F8 (Flyball, 8LM, EV 83.1 MPH)
|
Pinch Hitting: RHB Jonathan Gamez
|
0-0: Ball 1-0: Ground out 5-3 (Groundball, 56S, EV 78.8 MPH)
|
Batting: RHB Noriya Yasuda
|
0-0: SINGLE (Line Drive, 89S, EV 85.6 MPH)
|
Batting: RHB Patrick Pinault
|
0-0: Foul Ball, location: 2F 0-1: Ball 1-1: Swinging Strike 1-2: Ball 2-2: Strikes out swinging
|
Bottom of the 8th over - 0 runs, 1 hit, 0 errors, 1 left on base; Florida State University 2 - University of Oklahoma 2 |
TOP OF THE 9TH |
Florida State University Seminoles batting - Pitching for University of Oklahoma Sooners : RHP Ross Ratcliffe
|
Pitching: RHP David Aldape
|
|
Now in RF: Roger Pelley
|
|
Pinch Hitting: RHB Efrain Cedeno
|
0-0: Ball 1-0: Ball 2-0: Ball 3-0: Called Strike 3-1: Ground out 5-3 (Groundball, 56S, EV 82.5 MPH)
|
Batting: RHB Mick Vaught
|
0-0: Called Strike 0-1: Ball 1-1: Foul Ball, location: 2F 1-2: Strikes out swinging
|
Pinch Hitting: RHB Mark Conrad
|
0-0: Ball 1-0: Swinging Strike 1-1: Foul Ball, location: 2F 1-2: Strikes out swinging
|
Top of the 9th over - 0 runs, 0 hits, 0 errors, 0 left on base; Florida State University 2 - University of Oklahoma 2 |
BOTTOM OF THE 9TH |
University of Oklahoma Sooners batting - Pitching for Florida State University Seminoles : RHP Justin Williams
|
Now at 1B: Joy-shan Li
|
|
Now at SS: Efrain Cedeno
|
|
Pinch Hitting: SHB Sergio Carranza
|
0-0: Fly out, F9 (Flyball, 89M, EV 76.3 MPH)
|
Batting: RHB Josh Lynch
|
0-0: Called Strike 0-1: Foul Ball, location: 2F 0-2: Ball 1-2: Ball 2-2: Ball 3-2: Base on Balls
|
Batting: RHB Jesus Montana
|
0-0: Ball 1-0: Bunt missed! 1-1: Sac Bunt to P - play at first, batter OUT! 1-4 Josh Lynch to second
|
Pinch Hitting: RHB Danny Hutto
|
0-0: Intentional Walk
|
Batting: RHB Margh Couch
|
0-0: Called Strike 0-1: Ball 1-1: Fielders Choice at 2nd, 6-4 (Groundball, 56, EV 103.1 MPH)
|
Bottom of the 9th over - 0 runs, 0 hits, 0 errors, 2 left on base; Florida State University 2 - University of Oklahoma 2 |
TOP OF THE 10TH |
Florida State University Seminoles batting - Pitching for University of Oklahoma Sooners : RHP David Aldape
|
Now at C: Sergio Carranza
|
|
Now at 3B: Sam Callahan
|
|
Batting: RHB Bobby Altamirano
|
0-0: Ball 1-0: Swinging Strike 1-1: Foul Ball, location: 2F 1-2: Foul Ball, location: 2F 1-2: Ground out 4-3 (Groundball, 4S, EV 85.6 MPH)
|
Batting: LHB Bill Girton
|
0-0: Ball 1-0: Ball 2-0: Foul Ball, location: 2F 2-1: Ground out 4-3 (Groundball, 34, EV 102.5 MPH)
|
Batting: RHB Manny Hensley
|
0-0: Ball 1-0: Ball 2-0: Ball 3-0: Base on Balls
|
Batting: RHB Lupe Barrera
|
0-0: Called Strike 0-1: SINGLE (Line Drive, 78S, EV 109.4 MPH) Manny Hensley to second
|
Pinch Hitting: RHB Tin-jong Ping
|
0-0: Ball 1-0: Foul Ball, location: 2F 1-1: Swinging Strike 1-2: Strikes out swinging
|
Top of the 10th over - 0 runs, 1 hit, 0 errors, 2 left on base; Florida State University 2 - University of Oklahoma 2 |
BOTTOM OF THE 10TH |
University of Oklahoma Sooners batting - Pitching for Florida State University Seminoles : RHP Justin Williams
|
Pitching: RHP Brandon Isabell
|
|
Now in CF: Rafael Gil
|
|
Batting: SHB Cesar Carrasquillo
|
0-0: Ball 1-0: Called Strike 1-1: Called Strike 1-2: Strikes out swinging
|
Batting: RHB Roger Pelley
|
0-0: Called Strike 0-1: Called Strike 0-2: Ball 1-2: Ball 2-2: Ball 3-2: Strikes out looking
|
Batting: RHB Noriya Yasuda
|
0-0: Foul Ball, location: 2F 0-1: Called Strike 0-2: Foul Ball, location: 2F 0-2: Ball 1-2: Foul Ball, location: 2F 1-2: Foul Ball, location: 2F 1-2: Strikes out swinging
|
Bottom of the 10th over - 0 runs, 0 hits, 0 errors, 0 left on base; Florida State University 2 - University of Oklahoma 2 |
TOP OF THE 11TH |
Florida State University Seminoles batting - Pitching for University of Oklahoma Sooners : RHP David Aldape
|
Pinch Hitting: RHB Daniel Pena
|
0-0: Fly out, F8 (Flyball, 89M, EV 81.9 MPH)
|
Batting: RHB Efrain Cedeno
|
0-0: Ball 1-0: Foul Ball, location: 2F 1-1: Called Strike 1-2: Foul Ball, location: 2F 1-2: Strikes out swinging
|
Batting: RHB Mick Vaught
|
0-0: Ball 1-0: Foul Ball, location: 2F 1-1: Fly out, F7 (Line Drive, 7, EV 88.1 MPH)
|
Top of the 11th over - 0 runs, 0 hits, 0 errors, 0 left on base; Florida State University 2 - University of Oklahoma 2 |
BOTTOM OF THE 11TH |
University of Oklahoma Sooners batting - Pitching for Florida State University Seminoles : RHP Brandon Isabell
|
Now at 3B: Juan Nieves
|
|
Batting: RHB Patrick Pinault
|
0-0: Swinging Strike 0-1: Swinging Strike 0-2: Foul Ball, location: 2F 0-2: Strikes out swinging
|
Batting: SHB Sergio Carranza
|
0-0: Foul Ball, location: 2F 0-1: Foul Ball, location: 2F 0-2: Ball 1-2: Strikes out swinging
|
Batting: RHB Josh Lynch
|
0-0: Ball 1-0: Ball 2-0: Ball 3-0: Called Strike 3-1: Base on Balls
|
Batting: RHB Jesus Montana
|
0-0: Ball Josh Lynch is caught stealing 2nd base 2-4
|
Bottom of the 11th over - 0 runs, 0 hits, 0 errors, 0 left on base; Florida State University 2 - University of Oklahoma 2 |
TOP OF THE 12TH |
Florida State University Seminoles batting - Pitching for University of Oklahoma Sooners : RHP David Aldape
|
Pinch Hitting: LHB Jai-guo Bian
|
0-0: Called Strike 0-1: Called Strike 0-2: Ball 1-2: Fly out, F8 (Line Drive, 8LD, EV 107.5 MPH)
|
Batting: RHB Bobby Altamirano
|
0-0: Ground out 6-3 (Groundball, 6, EV 86.3 MPH)
|
Batting: LHB Bill Girton
|
0-0: Ball 1-0: Swinging Strike 1-1: Foul Ball, location: 2F 1-2: Ball 2-2: Strikes out swinging
|
Top of the 12th over - 0 runs, 0 hits, 0 errors, 0 left on base; Florida State University 2 - University of Oklahoma 2 |
BOTTOM OF THE 12TH |
University of Oklahoma Sooners batting - Pitching for Florida State University Seminoles : RHP Brandon Isabell
|
Now at 1B: Jai-guo Bian
|
|
Batting: RHB Jesus Montana
|
0-0: Ball 1-0: Foul Ball, location: 2F 1-1: Foul Ball, location: 2F 1-2: Ball 2-2: Ground out U3 (Groundball, 34, EV 91.3 MPH)
|
Batting: RHB Sam Callahan
|
0-0: Foul Ball, location: 2F 0-1: Ball 1-1: Ball 2-1: Swinging Strike 2-2: Foul Ball, location: 2F 2-2: Foul Ball, location: 2F 2-2: Strikes out swinging
|
Batting: RHB Margh Couch
|
0-0: Ball 1-0: Ball 2-0: Ball 3-0: Base on Balls
|
Pitching: RHP Aaron McArdle
|
|
Batting: SHB Cesar Carrasquillo
|
0-0: Ball Margh Couch is caught stealing 2nd base 2-6
|
Bottom of the 12th over - 0 runs, 0 hits, 0 errors, 0 left on base; Florida State University 2 - University of Oklahoma 2 |
TOP OF THE 13TH |
Florida State University Seminoles batting - Pitching for University of Oklahoma Sooners : RHP David Aldape
|
Batting: RHB Manny Hensley
|
0-0: Foul Ball, location: 2F 0-1: Foul Ball, location: 2F 0-2: Ball 1-2: Ball 2-2: Ball 3-2: SINGLE (Groundball, 13, EV 81.3 MPH) (infield hit)
|
Batting: RHB Lupe Barrera
|
0-0: Called Strike 0-1: Called Strike 0-2: Strikes out swinging
|
Pitching: RHP Phil Kellum
|
|
Batting: RHB Rafael Gil
|
0-0: Ball 1-0: SINGLE (Groundball, 4MD, EV 103.8 MPH) Manny Hensley to second Runner from 2nd tries for 3rd, OUT! 8-5 Rafael Gil to second
|
Batting: RHB Juan Nieves
|
0-0: Foul Ball, location: 2F 0-1: Swinging Strike 0-2: Strikes out looking
|
Top of the 13th over - 0 runs, 2 hits, 0 errors, 1 left on base; Florida State University 2 - University of Oklahoma 2 |
BOTTOM OF THE 13TH |
University of Oklahoma Sooners batting - Pitching for Florida State University Seminoles : RHP Aaron McArdle
|
Batting: SHB Cesar Carrasquillo
|
0-0: Ball 1-0: Fly out, F7 (Line Drive, 7D, EV 93.8 MPH)
|
Pitching: LHP Jordan Ruiz
|
|
Batting: RHB Roger Pelley
|
0-0: Ground out 4-3 (Groundball, 4S, EV 65.6 MPH)
|
Batting: RHB Noriya Yasuda
|
0-0: SINGLE (Line Drive, 4D, EV 96.9 MPH)
|
Batting: RHB Patrick Pinault
|
0-0: Called Strike 0-1: Foul Ball, location: 2F 0-2: Foul Ball, location: 2F 0-2: Strikes out swinging
|
Bottom of the 13th over - 0 runs, 1 hit, 0 errors, 1 left on base; Florida State University 2 - University of Oklahoma 2 |
TOP OF THE 14TH |
Florida State University Seminoles batting - Pitching for University of Oklahoma Sooners : RHP Phil Kellum
|
Batting: RHB Efrain Cedeno
|
0-0: Ball 1-0: Ball 2-0: Called Strike 2-1: Foul Ball, location: 2F 2-2: Ball 3-2: Base on Balls
|
Batting: RHB Mick Vaught
|
0-0: Bunt missed! 0-1: Bunted foul 0-2: Foul Ball, location: 2F 0-2: Foul Ball, location: 2F 0-2: Ball 1-2: Ball 2-2: Ball 3-2: Base on Balls Efrain Cedeno to second
|
Pinch Hitting: RHB Toyohiko Nakajima
|
0-0: Ball 1-0: Swinging Strike 1-1: Foul Ball, location: 2F 1-2: Foul Ball, location: 2F 1-2: Foul Ball, location: 2F 1-2: Foul Ball, location: 2F 1-2: Ball 2-2: Foul Ball, location: 2F 2-2: Ball 3-2: Strikes out looking
|
Batting: RHB Bobby Altamirano
|
0-0: Ball 1-0: Ball 2-0: Single, Error in OF, E9, batter to second base (Line Drive, 3D, EV 106.3 MPH) Efrain Cedeno scores Mick Vaught to third
|
Batting: LHB Bill Girton
|
0-0: Foul Ball, location: 2F 0-1: Foul Ball, location: 2F 0-2: Strikes out swinging
|
Batting: RHB Manny Hensley
|
0-0: Ball 1-0: Ball 2-0: Ball 3-0: Base on Balls
|
Pitching: RHP Paul Gibbens
|
|
Batting: RHB Lupe Barrera
|
0-0: Ball Wild Pitch! Mick Vaught scores Bobby Altamirano to third Manny Hensley to second 1-0: Ball 2-0: Ball 3-0: Base on Balls
|
Batting: RHB Rafael Gil
|
0-0: Called Strike 0-1: Called Strike 0-2: Strikes out looking
|
Top of the 14th over - 2 runs, 1 hit, 1 error, 3 left on base; Florida State University 4 - University of Oklahoma 2 |
BOTTOM OF THE 14TH |
University of Oklahoma Sooners batting - Pitching for Florida State University Seminoles : LHP Jordan Ruiz
|
Now at 1B: Alex Rosaly
|
|
Batting: SHB Sergio Carranza
|
0-0: SINGLE (Groundball, 4MD, EV 103.8 MPH)
|
Pinch Hitting: RHB Angelo Morales
|
0-0: Called Strike 0-1: Grounds into double play, 5-4-3 (Groundball, 56S, EV 83.8 MPH)
|
Batting: RHB Jesus Montana
|
0-0: Foul Ball, location: 2F 0-1: Foul Ball, location: 2F 0-2: Ball 1-2: Ball 2-2: Strikes out looking
|
Bottom of the 14th over - 0 runs, 1 hit, 0 errors, 0 left on base; Florida State University 4 - University of Oklahoma 2 |
|